Map: Dusk Towers

Players

Statoondeo - Winner!

  • Race: Protoss Protoss
  • League: Silver

A.I. 1 (Very Easy)

  • Race: Zerg Zerg

VOD

Have the link to the VOD?

Description

Time

  • Played on: June 14, 2016, 1:46 p.m.
  • Length: 5:03
Show
View Real Time Build Order
Export as new Build Order

Statoondeo Protoss - Winner!

Build Orders: 1 Gate Expand 

Get SALT Encoding   

  12  0:01  Probe (Chrono Boost)  
  13  0:11  Probe (Chrono Boost)  
  14  0:17  Pylon  
  14  0:22  Probe (Chrono Boost)  
  15  0:36  Probe (Chrono Boost)  
  15  0:37  Gateway  
  16  0:46  Probe (Chrono Boost)  
  18  0:57  Probe (Chrono Boost)  
  18  1:07  Probe (Chrono Boost)  
  19  1:16  Nexus  
  19  1:26  Cybernetics Core  
  19  1:31  Assimilator  
  19  1:35  Assimilator  
  19  1:37  Probe (Chrono Boost)  
  20  1:46  Zealot  
  22  1:47  Probe (Chrono Boost)  
  22  1:52  Pylon  
  23  2:09  Gateway  
  23  2:10  Probe (Chrono Boost)  
  23  2:12  Warp Gate  
  24  2:21  Probe (Chrono Boost)  
  25  2:28  Stalker  
  27  2:31  Probe (Chrono Boost)  
  28  2:42  Mothership Core (Chrono Boost)  
  30  2:44  Pylon  
  30  2:56  Robotics Facility  
  30  3:01  Probe (Chrono Boost)  
  30  3:02  Probe (Chrono Boost)  
  32  3:10  Stalker  
  32  3:12  Probe x2 (Chrono Boost)  
  36  3:17  Stalker  
  38  3:27  Gateway  
  38  3:34  Gateway  
  38  3:39  Probe x2 (Chrono Boost)  
  40  3:46  Pylon  
  40  3:48  Observer  
  41  3:49  Probe (Chrono Boost)  
  41  3:53  Stalker  
  44  3:59  Stalker  
  44  4:01  Probe (Chrono Boost)  
  48  4:03  Probe (Chrono Boost)  
  48  4:13  Immortal  
  52  4:18  Pylon  
  52  4:31  Probe (Chrono Boost)  
  52  4:32  Probe (Chrono Boost)  
  52  4:36  Stalker  
  52  4:37  Stalker x2  
  60  4:41  Stalker  
  60  4:45  Probe (Chrono Boost)  
  64  4:46  Probe (Chrono Boost)  
  64  5:00  Stalker x2  
Show
View Real Time Build Order
Export as new Build Order

A.I. 1 (Very Easy) Zerg 

Build Orders: Hatch First 

Get SALT Encoding   

  12  0:01  Drone  
  13  0:12  Overlord  
  13  0:17  Drone  
  14  0:42  Hatchery  
  13  0:45  Drone  
  14  1:04  Spawning Pool  
  14  1:06  Extractor  
  14  1:07  Drone  
  13  1:14  Drone  
  14  1:20  Overlord  
  14  1:50  Queen  
  14  1:52  Zergling x2  
  17  1:54  Zergling x2  
  17  1:57  Roach Warren  
  17  2:03  Drone  
  18  2:08  Extractor  
  18  2:10  Drone  
  18  2:14  Zergling x2  
  19  2:19  Drone  
  20  2:26  Drone  
  21  2:33  Drone  
  22  2:40  Drone  
  23  2:47  Drone  
  24  2:54  Drone  
  25  3:02  Drone  
  25  3:03  Roach  
  28  3:08  Overlord  
  28  3:12  Drone  
  29  3:19  Drone  
  30  3:26  Drone  
  31  3:33  Drone  
  32  3:39  Overlord  
  32  3:42  Drone  
  32  3:48  Lair  
  33  3:49  Drone  
  33  3:51  Roach  
  36  3:58  Drone  
  37  4:06  Drone  
  38  4:13  Drone  
  39  4:20  Drone  
  40  4:27  Drone  
  40  4:28  Overlord  
  41  4:35  Drone  
  42  4:40  Roach  
  42  4:42  Drone  
  42  4:45  Overseer  
  45  4:46  Overseer  
  45  4:49  Drone  
  46  4:54  Extractor  
  46  5:01  Extractor  
Tags
 
Add a new tag
Caveats
  • Supply blocks, unpowered buildings, or Contaminate may cause inaccurate times.
  • Supply counts are checked every 10 seconds.